 Dungeon Crawl Stone Soup version 0.22.1-2-g9c5b331383 (webtiles) character file.

44 Knicklaso the Magician (level 3, -2/26 HPs)
             Began as a Demonspawn Wizard on Nov 26, 2018.
             Slain by a worm (9 damage)
             ... on level 3 of the Dungeon.
             The game lasted 00:04:03 (2815 turns).

Knicklaso the Magician (Demonspawn Wizard)          Turns: 2815, Time: 00:04:04

Health: -2/26      AC:  2    Str:  7    XL:     3   Next: 39%
Magic:  4/7        EV: 12    Int: 20    God:
Gold:   102        SH:  0    Dex: 11    Spells: 7/8 levels left

rFire    x . .     SeeInvis .   c - +0 whip
rCold    + . .     Gourm    .   (no shield)
rNeg     . . .     Faith    .   a - +0 robe
rPois    .         Spirit   .   b - +0 hat
rElec    .         Reflect  .   (no cloak)
rCorr    .         Harm     .   (no gloves)
MR       .....                  (no boots)
Stlth    ++........             (no amulet)
HPRegen  0.08/turn              e - ring of ice
MPRegen  0.10/turn              (no ring)

@: no status effects
A: powered by pain 1
a: no special abilities


You were on level 3 of the Dungeon.
You were not hungry.

You visited 1 branch of the dungeon, and saw 3 of its levels.

You collected 102 gold pieces.

Inventory:

Hand Weapons
 c - a +0 whip (weapon)
Armour
 a - a +0 robe (worn)
 b - a +0 hat (worn)
Jewellery
 e - a ring of ice (left hand)
Scrolls
 f - a scroll of identify {unknown}
 g - a scroll of fear {unknown}
 h - a scroll of random uselessness {unknown}
 i - 2 scrolls of enchant armour {unknown}
 j - a scroll of blinking {unknown}
 n - a scroll of remove curse {unknown}
 q - a scroll of noise {unknown}
Potions
 k - a potion of brilliance {unknown}
 l - a potion of curing {unknown}
 m - a potion of degeneration {unknown}
 p - a potion of haste {unknown}
Comestibles
 d - 5 rations
 o - 2 chunks of flesh


   Skills:
 + Level 1.3 Fighting
 - Level 1.7 Dodging
 - Level 1.7 Stealth
 + Level 3.3 Spellcasting
 * Level 2.5 Conjurations
   Level 1.0 Summonings
   Level 0.8 Translocations


You had 7 spell levels left.
You knew the following spells:

 Your Spells              Type           Power        Failure   Level  Hunger
a - Magic Dart            Conj           ##..         4%          1    None

Your spell library contained the following spells:

 Spells                   Type           Power        Failure   Level  Hunger
 Blink                    Tloc           N/A          14%         2    ##.....
 Call Imp                 Summ           #.......     14%         2    ##.....
 Slow                     Hex            #.......     22%         2    ##.....
 Conjure Flame            Conj/Fire      #.......     26%         3    ###....
 Mephitic Cloud           Conj/Pois/Air  #.......     30%         3    ###....


Dungeon Overview and Level Annotations

Branches:
Dungeon (3/15)

Altars:


Innate Abilities, Weirdness & Mutations

You sometimes gain a little power by taking damage.


Message History

Aim: a worm (severely wounded)
The magic dart hits the worm.
The worm is severely wounded.
Casting: Magic Dart (safe; 4% risk of failure)
Confirm with . or Enter, or press ? or * to list all spells.
Aiming: Magic Dart (safe; 4% risk of failure)
Press: ? - help, Shift-Dir - straight line, f/p - worm
Aim: a worm (severely wounded)
The magic dart hits the worm.
The worm is almost dead.
The worm completely misses you.
Casting: Magic Dart (safe; 4% risk of failure)
Confirm with . or Enter, or press ? or * to list all spells.
Aiming: Magic Dart (safe; 4% risk of failure)
Press: ? - help, Shift-Dir - straight line, f/p - worm
Aim: a worm (almost dead)
The magic dart hits the worm.
The worm is almost dead.
The worm bites you!
You die...

#. ... ...#
########....#
##............
##....@........
#.....w......).
#..............
#..............
#..............
#.....)......).
##.[...........
##..?.........
##########.


You could see a worm.

Vanquished Creatures
  An adder (D:2)
  A dart slug (D:3)
  An orc (D:2)
  A ball python (D:1)
  3 giant cockroaches
  3 goblins
  5 hobgoblins
  2 jackals (D:1)
  2 kobolds (D:2)
  3 bats
  A frilled lizard (D:2)
  7 rats
30 creatures vanquished.

Notes
Turn   | Place    | Note
-------+----------+-------------------------------------------
     0 | D:1      | Knicklaso the Demonspawn Wizard began the quest for the
                  | Orb.
     0 | D:1      | Reached XP level 1. HP: 13/13 MP: 4/4
   369 | D:1      | Gained mutation: You sometimes gain a little power by
                  | taking damage. [demonic ancestry]
   369 | D:1      | Reached XP level 2. HP: 20/20 MP: 0/6
  1906 | D:2      | Reached skill level 1 in Fighting
  2031 | D:2      | Reached XP level 3. HP: 11/26 MP: 0/7
  2815 | D:3      | Slain by a worm

Skill      XL: |  1  2 |
---------------+-------+-----
Conjurations   | 2 |  2.5
Fighting       | 1 |  1.3
Dodging        | |  1.7
Stealth        | |  1.7
Spellcasting   | |  3.3
Summonings     | |  1.0
Translocations | |  0.8

Action                   || total
-------------------------++-------
Melee: Unarmed           ||    22
       Whip              ||    70
 Cast: Magic Dart        ||    67
 Stab: Sleeping          ||     1
  Eat: Chunk             ||     6
Armor: Robe              ||    18
Dodge: Dodged            ||    82
